 Dungeon Crawl Stone Soup version 0.27.1-3-gb3d3a73c9e (webtiles) character file.

Game seed: 1565685380482284029

1350 ABBCCCDDDD the Chopper (level 8, -1/76 HPs)
             Began as a Deep Dwarf Delver on Oct 29, 2021.
             Was an Initiate of Trog.
             Slain by an orc warrior (12 damage)
             ... on level 5 of the Dungeon.
             The game lasted 00:12:08 (5480 turns).

ABBCCCDDDD the Chopper (Deep Dwarf Delver)          Turns: 5480, Time: 00:12:08

Health: -1/76      AC: 10    Str: 18    XL:     8   Next: 36%
Magic:  5/5        EV: 10    Int: 11    God:    Trog [......]
Gold:   269        SH:  0    Dex: 14    Spells: 7/7 levels left

rFire    . . .     SeeInvis .   y - +0 war axe
rCold    . . .     Faith    .   (no shield)
rNeg     . . .     Spirit   .   v - +2 scale mail {rPois}
rPois    +         Reflect  .   (no helmet)
rElec    .         Harm     .   (no cloak)
rCorr    .         Rampage  .   x - +0 pair of gloves
Will     ++...                  (no boots)
Stlth    ++........             (no amulet)
HPRegen  0.00/turn              a - ring of willpower
MPRegen  0.09/turn              (no ring)

@: no status effects
A: damage resistance, heal wounds, sense surroundings 1, no regeneration
a: Heal Wounds, Renounce Religion


You were on level 5 of the Dungeon.
You worshipped Trog.
Trog was noncommittal.
You visited 2 branches of the dungeon, and saw 7 of its levels.

You collected 270 gold pieces.
You spent 1 gold pieces at shops.

Inventory:

Hand Weapons
 u - a -2 executioner's axe
 y - a +0 war axe (weapon)
Missiles
 p - 31 poisoned darts (quivered)
Armour
 b - a +0 leather armour
 l - a +0 ring mail
 v - a +2 scale mail of poison resistance (worn)
 x - a +0 pair of gloves (worn)
Jewellery
 a - a ring of willpower (left hand)
Wands
 g - a wand of digging (3)
Scrolls
 c - a scroll of fog
 d - 2 scrolls of magic mapping
 e - 2 scrolls of fear
 h - 2 scrolls of acquirement {unknown}
 i - 3 scrolls of teleportation {unknown}
 k - a scroll of blinking {unknown}
 n - 3 scrolls of identify {unknown}
 w - a scroll of amnesia {unknown}
Potions
 f - a potion of haste
 j - 2 potions of attraction {unknown}
 m - a potion of mutation {unknown}
 o - 4 potions of curing {unknown}
 q - a potion of flight {unknown}
 r - a potion of heal wounds {unknown}
 s - a potion of resistance {unknown}
 t - a potion of brilliance {unknown}
 z - a potion of degeneration {unknown}


   Skills:
 + Level 5.7 Fighting
 * Level 7.7 Axes
 + Level 5.7 Armour
 - Level 2.1 Dodging
 - Level 6.0 Stealth


You had 7 spell levels left.
You didn't know any spells.
Your spell library contained the following spells:

 Spells                   Type           Power      Damage    Failure   Level
 Ignite Poison            Fire/Tmut/Pois 0%         N/A       97%         3
 Mephitic Cloud           Conj/Pois/Air  0%         N/A       97%         3
 Bolt of Magma            Conj/Fire/Erth 0%         4d4       100%        5


Dungeon Overview and Level Annotations

Branches:
Dungeon (6/15)             Temple (1/1) D:6

Altars:
Ashenzari
Cheibriados
Dithmenos
Elyvilon
Hepliaklqana
Makhleb
Nemelex Xobeh
Okawaru
Qazlal
Trog
Xom
Zin

Shops:
D:4 *   D:5 *

Annotations:
D:3 1 runed translucent door, mandor's ghost, amateur DgEE
D:4 exclusion: phantom
D:6 1 runed translucent door, MisterFreud's ghost, amateur GnFi


Innate Abilities, Weirdness & Mutations

You are resistant to damage.
You can heal yourself by infusing magical energy.
You passively map a small area around you.
You do not regenerate.


Message History

An orc warrior comes into view. It is wielding a +0 long sword.
The orc warrior hits you from afar with a +0 trident.
You hear a zap.
You hear a grinding noise.
You hear a zap.
You hear a grinding noise.
Things that are here:
a +0 falchion; a +0 leather armour The orc wizard mumbles some strange words.
The orc wizard flickers and vanishes!
Deactivating autopickup; reactivate with Ctrl-A.
The orc warrior shouts!
There is a stone staircase leading up here.
The orc warrior barely misses you.
The orc warrior hits you from afar with a +0 trident!
You climb upwards.
Reactivating autopickup.
There is a stone staircase leading down here.
You slash the orc warrior!
The orc warrior is heavily wounded.
The orc warrior closely misses you.
You hit the orc warrior but do no damage.
The orc warrior is heavily wounded.
The orc warrior closely misses you.
You hit the orc warrior but do no damage.
The orc warrior is heavily wounded.
The orc warrior hits you with a +0 long sword!
The orc warrior hits you with a +0 long sword.
You slash the orc warrior!
The orc warrior is severely wounded.
The orc warrior hits you with a +0 long sword.
You barely miss the orc warrior.
The orc warrior is severely wounded.
The orc warrior completely misses you.
You hit the orc warrior but do no damage.
The orc warrior is severely wounded.
The orc warrior hits you with a +0 long sword!
* * * LOW HITPOINT WARNING * * *
You closely miss the orc warrior.
The orc warrior is severely wounded.
The orc warrior hits you with a +0 long sword!
You die...

#........# #........#...#......
#........#####........#..##......
#.....................#..###'####
#.....................#......#...
#.....................#......#...
#####.....<...........##'###+##.#
#..#....#####.............#h##.#
#..'....#...'.............#....#
#..#....#...#.o@..........#....#
#..#....#...#.............#....#
#..#....#...#.............#....#
#..######...#.....h.......#....#
#.....#.....#.............######
#.....#.....#.............# #
#.....#.....#.............# #
#.....#.....#####.........# #
#######.........+........(######


You could see an orc warrior and a black bear.

Levels and vault maps discovered:
D:1:      lemuel_arrival_broad_hall, layout_basic,
          hellmonk_ecumenical_altar_blasted
D:2:      layout_basic, serial_bayou_pond_c, chequers_avenue,
          lemuel_another_geyser, uniq_jessica
D:3:      layout_basic, general_overflow_altar, ebering_ghost_reflecting_pool
D:4:      layout_loops_cross, xom_redecorated, minmay_shop_damaged, uniq_natasha
D:5:      layout_gridville, nicolae_qazlal_style_of_elements, serial_shops,
          kennysheep_mini, kennysheep_potato
D:6:      layout_loops_ring, nicolae_uskayaw_dance_hall,
          minmay_temple_entry_large_hall, gammafunk_ghost_grave, uniq_eustachio
Temple:   jpeg_temple_island

Notes
Turn   | Place    | Note
-------+----------+-------------------------------------------
     0 | D:5      | ABBCCCDDDD the Deep Dwarf Delver began the quest for the
                  | Orb.
     0 | D:5      | Reached XP level 1. HP: 20/20 MP: 1/1
    15 | D:5      | Noticed an iguana
    28 | D:5      | Found Roosai's Assorted Antiques.
    92 | D:4      | Noticed a scorpion
   104 | D:4      | Found a shimmering altar of Xom.
   121 | D:4      | Noticed a necrophage
   400 | D:1      | Found a faded altar of an unknown god.
   423 | D:1      | Reached skill level 1 in Armour
   423 | D:1      | Reached XP level 2. HP: 24/27 MP: 2/2
   974 | D:2      | Reached XP level 3. HP: 34/34 MP: 3/3
  1179 | D:2      | Noticed Jessica
  1185 | D:2      | Killed Jessica
  1186 | D:2      | Reached skill level 3 in Axes
  1876 | D:3      | Found an iron altar of Okawaru.
  1939 | D:3      | Found a runed translucent door.
  1940 | D:3      | Noticed mandor's ghost (amateur DgEE)
  1967 | D:3      | Reached XP level 4. HP: 11/42 MP: 4/4
  2824 | D:4      | Noticed Natasha
  2834 | D:4      | Killed Natasha
  2877 | D:4      | Noticed a phantom
  2924 | D:4      | Noticed Natasha
  2937 | D:4      | Killed Natasha
  2938 | D:4      | Reached XP level 5. HP: 17/50 MP: 5/5
  3054 | D:4      | Reached skill level 4 in Axes
  3086 | D:4      | Killed a necrophage
  3087 | D:4      | Reached XP level 6. HP: 34/57 MP: 5/5
  3102 | D:4      | Noticed Natasha
  3124 | D:4      | Killed Natasha
  3151 | D:4      | Found a shimmering altar of Xom.
  3152 | D:4      | Found a shimmering altar of Xom.
  3152 | D:4      | Found a shimmering altar of Xom.
  3189 | D:4      | Found Fotzamudgh's Lightly-Used Armoury.
  3194 | D:4      | Bought a -2 executioner's axe for 1 gold piece
  3547 | D:5      | Noticed a sky beast
  3696 | D:5      | Reached skill level 5 in Axes
  3704 | D:5      | Found a stormy altar of Qazlal.
  3706 | D:5      | Noticed a water elemental
  3707 | D:5      | Noticed an air elemental
  3707 | D:5      | Noticed a fire elemental
  3735 | D:5      | Reached XP level 7. HP: 54/66 MP: 4/4
  4107 | D:5      | Reached skill level 6 in Axes
  4303 | D:6      | Reached skill level 5 in Fighting
  4315 | D:6      | Found a staircase to the Ecumenical Temple.
  4323 | Temple   | Entered the Ecumenical Temple
  4344 | Temple   | Reached skill level 5 in Armour
  4390 | Temple   | Became a worshipper of Trog the Wrathful
  5031 | D:6      | Reached XP level 8. HP: 59/74 MP: 5/5
  5263 | D:6      | Reached skill level 7 in Axes
  5321 | D:6      | Found a runed translucent door.
  5322 | D:6      | Noticed MisterFreud's ghost (amateur GnFi)
  5358 | D:6      | Noticed Eustachio
  5367 | D:6      | Killed Eustachio
  5480 | D:5      | Slain by an orc warrior

Table legend: (Time is in decaauts)
 A = Elapsed time spent in this place.
 B = Non-inter-level travel time spent in this place.
 C = Inter-level travel time spent in this place.
 D = Time resting spent in this place.
 E = Time spent auto-exploring this place.
 F = Levels seen in this place.
 G = Mean time per level.
                   A        B        C        D        E       F      G
               +--------+--------+--------+--------+--------+-----+--------+
         Total |   5532 |   5234 |    298 |      0 |   3180 |   7 |  790.3 |
       Dungeon |   5430 |   5165 |    265 |      0 |   3148 |   6 |  905.0 |
        Temple |    101 |     68 |     33 |      0 |     32 |   1 |  101.0 |
               +--------+--------+--------+--------+--------+-----+--------+

Top non-repeatable levels by time:
     D:5: 1313 daAuts
     D:3: 1197 daAuts
     D:2: 919 daAuts
     D:4: 790 daAuts
     D:6: 660 daAuts
     D:1: 549 daAuts
  Temple: 101 daAuts

Table legend:
 A = Kills in this place as a percentage of kills in entire the game.
 B = Kills by you in this place as a percentage of kills by you in the entire game.
 C = Kills by friends in this place as a percentage of kills by friends in the entire game.
 D = Other kills in this place as a percentage of other kills in the entire game.
 E = Experience gained in this place as a percentage of experience gained in the entire game.
 F = Experience gained in this place divided by the number of levels of this place that you have seen.
                   A       B       C       D       E      F
               +-------+-------+-------+-------+-------+----------------------
         Total | 100.0 | 100.0 |   N/A |   N/A | 100.0 | 275.6
       Dungeon |  97.8 |  97.8 |   N/A |   N/A |  93.4 | 300.2
        Temple |   2.2 |   2.2 |   N/A |   N/A |   6.6 | 128.0
               +-------+-------+-------+-------+-------+----------------------

Action                   |  1- 3 |  4- 6 |  7- 9 || total
-------------------------+-------+-------+-------++-------
Melee: Hand axe          |   117 |   179 |   105 ||   401
       War axe           |       |       |    34 ||    34
Throw: Dart              |       |     4 |    32 ||    36
 Abil: Heal Wounds       |     1 |     8 |     5 ||    14
 Stab: Sleeping          |     6 |     6 |     2 ||    14
       Distracted        |     1 |       |       ||     1
Armor: Ring mail         |    34 |    54 |       ||    88
       Leather armour    |     1 |       |       ||     1
       Scale mail        |       |     8 |    83 ||    91
Dodge: Dodged            |    75 |   116 |    95 ||   286

Vanquished Creatures
  Eustachio (D:6)
  A sky beast (D:5)
  A centaur (D:6)
  3 necrophages
  An ogre (D:5)
  4 scorpions
  A water moccasin skeleton (D:4)
  2 bullfrog zombies (D:5)
  2 hounds (D:6)
  A jelly (D:6)
  Jessica (D:2)
  Natasha (thrice) (D:4)
  An iguana (D:5)
  7 adders
  A shadow imp (D:6)
  A white imp (D:5)
  An adder skeleton (D:4)
  2 worms
  A dart slug (D:4)
  4 orcs
  5 ball pythons
  2 bats
  4 endoplasms
  2 giant cockroaches (D:3)
  3 hobgoblins
  6 jackals
  3 quokkas
  3 frilled lizards
  6 goblins
  9 kobolds
  9 rats
91 creatures vanquished.

Vanquished Creatures (others)
  2 withered plants (D:6)
2 creatures vanquished.

Grand Total: 93 creatures vanquished
